 Dungeon Crawl Stone Soup version 0.17-a0-1430-g49fde19 (webtiles) character file.

56007 Fluffy the Basher (level 14, -1/92 HPs)
             Began as a Gargoyle Fighter on June 25, 2015.
             Was a High Priest of the Shining One.
             Slain by a harpy (3 damage)
             ... summoned by Kirke
             ... on level 8 of the Lair of Beasts.
             The game lasted 00:58:37 (17670 turns).

Fluffy the Basher (Gargoyle Fighter)               Turns: 17670, Time: 00:58:38

Health: -1/92      AC:  0    Str: 21    XL:     14   Next: 79%
Magic:  22/22      EV: 17    Int:  9    God:    the Shining One [*****.]
Gold:   1049       SH:  0    Dex: 13    Spells: 0 memorised, 13 levels left

rFire  . . .     SeeInvis .     (weapon currently unavailable)
rCold  . . .     Clarity  .     (armour currently unavailable)
rNeg   + + +     SustAt   .     (shield currently unavailable)
rPois  ∞         Gourm    .     (helmet currently unavailable)
rElec  .         Spirit   .     (cloak currently unavailable)
rCorr  .         Warding  .     (gloves currently unavailable)
rMut   .         Stasis   .     (boots currently unavailable)
MR     +....                    z - amulet of regeneration
Stlth  +.........               (ring currently unavailable)
                                (ring currently unavailable)

@: pig-form, flying, slowed, glowing, somewhat resistant to hostile
enchantments, very unstealthy
A: (big wings), negative energy resistance 1, (electricity resistance),
(unbreathing), petrification resistance, rot immunity, AC +9
a: Divine Shield, Cleansing Flame, Summon Divine Warrior, Renounce Religion


You were on level 8 of the Lair of Beasts.
You worshipped the Shining One.
The Shining One was extremely pleased with you.
You were hungry.
You were a filthy swine.
You visited 3 branches of the dungeon, and saw 19 of its levels.

You collected 1106 gold pieces.
You spent 57 gold pieces at shops.

Inventory:

Hand weapons
 a - a +1 flail of freezing (melded)
Armour
 b - a +2 cloak (melded)
 f - a +2 helmet (melded)
 C - the +12 plate armour of Infinity (melded) {rF+++ rC+++ Str-2}
   (You found it on level 10 of the Dungeon)

   It affects your strength (-2).
   It renders you almost immune to fire.
   It renders you almost immune to cold.
 H - a +0 pair of gloves (melded)
 P - the +2 pair of boots of the Assassin (melded) {DetectMon Stab+ Stlth++}
   (You acquired it on level 2 of the Lair of Beasts)

   It makes you much more stealthy.
 Q - a cursed +0 large shield (melded)
Jewellery
 m - an uncursed amulet of resist corrosion
 y - a +4 ring of strength (melded)
 z - an amulet of regeneration (around neck)
 G - the amulet "Ucueq" {Spirit +Inv}
   (You took it off an orc warrior on level 9 of the Dungeon)

   [amulet of guardian spirit]

   It causes incoming damage to be split between your health and magic.
   It lets you turn invisible.
 V - a ring of stealth (melded)
 X - an uncursed amulet of clarity
Magical devices
 i - a wand of lightning (3)
 p - a wand of digging (15)
 t - a wand of fire (1)
 w - a wand of disintegration (8)
 D - a wand of lightning (15)
 K - a wand of digging (13)
 R - a wand of fire (4)
 T - a wand of fireball (7)
 U - a wand of cold (9)
 W - a wand of cold (5)
 Y - a wand of teleportation (7)
 Z - a wand of lightning (6)
Scrolls
 c - 2 scrolls of recharging
 g - 11 scrolls of identify
 h - 3 scrolls of fear
 l - 2 scrolls of teleportation
 n - 6 scrolls of magic mapping
 r - 10 scrolls of remove curse
 u - 2 scrolls of enchant weapon
 x - 3 scrolls of enchant armour
Potions
 d - 3 potions of might
 k - 5 potions of mutation
 o - 4 potions of agility
 q - a potion of cure mutation
 v - a potion of resistance
 B - 8 potions of curing
 E - a potion of heal wounds
 F - 3 potions of flight
 I - a potion of magic
 O - 2 potions of ambrosia
Books
 S - a book of Enchantments

   Spells                             Type                      Level
   a - Cause Fear                     Hexes                        4
   b - Silence                        Hexes/Air                    5
   c - Deflect Missiles               Charms/Air                   6
   d - Haste                          Charms                       6
   e - Discord                        Hexes                        8
Miscellaneous
 L - a lamp of fire
Comestibles
 e - 11 bread rations
 j - 6 meat rations
 s - 6 slices of pizza
 A - 13 beef jerkies
 J - 12 royal jellies
 N - 30 fruits


   Skills:
 + Level 12.5 Fighting
 + Level 12.9 Maces & Flails
 + Level 12.1 Armour
 - Level 5.3 Dodging
 + Level 12.2 Shields
 + Level 11.6 Invocations


You had 13 spell levels left.
You didn't know any spells.

Dungeon Overview and Level Annotations

Branches:
Dungeon (10/15)            Temple (1/1) D:7            Lair (8/8) D:10
  Swamp (0/4) Lair:5       Spider (0/4) Lair:5        Slime (0/6) Lair:6
    Orc (0/4) D:9

Altars:
Ashenzari
Cheibriados
Dithmenos
Elyvilon
Fedhas
Gozag
Kikubaaqudgha
Makhleb
Nemelex Xobeh
Okawaru
Qazlal
Ru
Sif Muna
Trog
Vehumet
Xom
Yredelemnul
Zin
The Shining One

Shops:
D:4 %   D:8 %*}*!   D:9 [

Annotations:
Lair:8 Kirke


Innate Abilities, Weirdness & Mutations

You are resistant to torment.
((Your stone body is resilient (AC +9).))
You are immune to poison.
((Your large and strong wings let you fly indefinitely.))
You resist negative energy.
((You are resistant to electric shocks.))
((You can survive without breathing.))
You are immune to petrification.
You are immune to rotting.


Message History

Kirke mumbles some strange words.
Kirke summons some harpies!
The harpy screeches! x2
The hog barely misses you. The hog bites you. The harpy closely misses you.
The harpy claws you. The harpy claws you!!
* * * LOW HITPOINT WARNING * * *
The harpy claws you!
* * * LOW HITPOINT WARNING * * *
The hog bites you!
* * * LOW HITPOINT WARNING * * *
Drink which item? (? for menu, Esc to quit)
You feel much better.
The harpy screeches!
The harpy claws you!
* * * LOW HITPOINT WARNING * * *
The harpy claws you!
* * * LOW HITPOINT WARNING * * *
The harpy claws you.
You die...

.......P...# #...................
......##...###...................
#....####...#P.............#P....
......##.................#.P.....
......#....P.......P....#.P......
..........#......##....#......P..
..........P.....####........÷..P.
.................P##..#........P.
....##.P.....#.#hh.###..........P
..#..P......##HH..............
.#..PP...PP#..F...............
....P.P.PPP.PP......P.........
.P...P....P.PP.#hP............
......P.P......P###@........P...
P.....##.........#PPk.......P#÷#.
......###...P...PP....h......P÷##
..P...#P....#...PP.......#...P...


You could see Kirke, a lindwurm, 2 harpies, 3 hogs and a giant frog.

Vanquished Creatures
  4 hydras
  Erolcha (D:9)
  The ghost of abixa the Cleaver, an experienced MiGl of Okawaru (D:9)
  12 death yaks
  An unseen horror (D:10)
  2 wolf spiders (Lair:5)
  The ghost of herpmino the Twirler, an experienced HuWn of Ashenzari (D:6)
  4 griffons
  A slime creature (Lair:6)
  5 elephants (Lair:8)
  2 black mambas (Lair:7)
  14 spiny frogs
  2 torpor snails (Lair:8)
  7 komodo dragons
  A polar bear (Lair:8)
  A fire drake (Lair:5)
  A giant leech (Lair:8)
  A boulder beetle (Lair:8)
  A troll (D:10)
  15 blink frogs
  A wraith (D:9)
  53 yaks
  A wyvern (Lair:4)
  A hill giant zombie (D:9)
  4 hungry ghosts
  6 hippogriffs
  4 basilisks
  12 vampire mosquitoes
  3 steam dragons
  11 wolves
  12 water moccasins
  2 spiders (Lair:5)
  4 ice beasts
  A necrophage (D:5)
  3 sky beasts
  6 orc warriors
  2 phantoms
  A wasp (D:10)
  7 porcupines
  2 ogres
  4 crocodiles
  5 centaurs
  21 giant frogs
  5 big kobolds
  2 water moccasin zombies
  4 scorpions
  3 killer bees (D:9)
  5 electric eels
  A centaur zombie (D:8)
  4 crimson imps
  2 hounds (D:10)
  2 quasits
  7 orc priests
  Crazy Yiuf (D:3)
  12 orc wizards
  2 giant frog zombies (D:6)
  9 jellies
  A giant frog skeleton (D:7)
  10 iguanas
  3 gnoll shamans
  9 worker ants
  5 ogre zombies (D:9)
  22 sheep
  A worker ant zombie (D:6)
  15 adders
  76 river rats
  56 gnolls
  4 shadow imps
  6 oozes
  4 worms
  4 giant geckos
  41 orcs
  2 ball pythons
  A bat skeleton (D:6)
  8 giant cockroaches
  16 goblins
  15 hobgoblins
  27 jackals
  20 bats
  8 giant newts
  A goblin skeleton (D:9)
  2 goblin zombies (D:9)
  3 hobgoblin zombies (D:9)
  28 kobolds
  An orc skeleton (D:9)
  11 orc zombies (D:9)
  5 quokkas
  A quokka skeleton (D:4)
  6 rats
  A fungus (Lair:7)
  A plant (Lair:7)
716 creatures vanquished.

Vanquished Creatures (others)
  A centaur (D:8)
  A kobold (D:8)
  A rat (D:8)
  14 fungi
  15 plants
32 creatures vanquished.

Grand Total: 748 creatures vanquished

Notes
Turn   | Place    | Note
--------------------------------------------------------------
     0 | D:1      | Fluffy the Gargoyle Fighter began the quest for the Orb.
     0 | D:1      | Reached XP level 1. HP: 14/14 MP: 1/1
    89 | D:1      | Reached XP level 2. HP: 17/19 MP: 2/2
   366 | D:1      | Reached XP level 3. HP: 23/23 MP: 3/3
   834 | D:2      | Reached skill level 4 in Maces & Flails
   887 | D:2      | Reached XP level 4. HP: 28/28 MP: 4/4
  1631 | D:3      | Reached skill level 5 in Maces & Flails
  1631 | D:3      | Reached XP level 5. HP: 32/32 MP: 5/5
  1793 | D:3      | Noticed Crazy Yiuf
  2160 | D:3      | Found a radiant altar of Vehumet.
  2444 | D:3      | Killed Crazy Yiuf
  2444 | D:3      | Reached skill level 6 in Maces & Flails
  2444 | D:3      | Reached XP level 6. HP: 34/37 MP: 6/6
  2686 | D:4      | Found a bloodstained altar of Trog.
  2769 | D:4      | Found Kiomed's Food Shop.
  2837 | D:4      | Reached skill level 7 in Maces & Flails
  2953 | D:4      | Reached XP level 7. HP: 39/41 MP: 5/7
  3910 | D:4      | Reached XP level 8. HP: 42/48 MP: 8/8
  4114 | D:4      | Reached skill level 8 in Maces & Flails
  4203 | D:5      | Entered Level 5 of the Dungeon
  4404 | D:5      | Reached skill level 5 in Fighting
  4408 | D:5      | Reached skill level 5 in Shields
  4836 | D:5      | Reached skill level 5 in Armour
  4993 | D:6      | Noticed herpmino's ghost (experienced HuWn)
  5003 | D:5      | Reached skill level 9 in Maces & Flails
  5003 | D:5      | Reached skill level 5 in Invocations
  5003 | D:5      | Reached XP level 9. HP: 53/57 MP: 8/12
  5004 | D:5      | Reached skill level 10 in Maces & Flails
  5004 | D:5      | Reached skill level 5 in Dodging
  5004 | D:5      | Reached XP level 10. HP: 56/64 MP: 8/15
  5522 | D:6      | Killed herpmino's ghost
  5588 | D:6      | Found a shattered altar of Ashenzari.
  5984 | D:6      | Reached XP level 11. HP: 69/69 MP: 16/16
  6383 | D:7      | Found a staircase to the Ecumenical Temple.
  6389 | Temple   | Entered the Ecumenical Temple
  6594 | Temple   | Became a worshipper of the Shining One
  7126 | D:7      | Found a sacrificial altar of Ru.
  7171 | D:7      | Found an opulent altar of Gozag.
  7258 | D:8      | Found Guffup's Food Emporium.
  7446 | D:8      | Found a shimmering altar of Xom.
  7483 | D:8      | Found Hoakebbe's General Store.
  7504 | D:8      | Found Ycips's Gadget Boutique.
  7541 | D:8      | Found Tulierecw's Assorted Antiques.
  7562 | D:8      | Bought a scroll labeled QAVOUNOS ATZO for 30 gold pieces
  7562 | D:8      | Bought a fizzy white potion for 27 gold pieces
  7589 | D:8      | Found Siankoib's Distillery.
  7702 | D:8      | Found a blossoming altar of Fedhas.
  7702 | D:8      | Found a shimmering altar of Xom.
  7780 | D:8      | Acquired the Shining One's first power
  8558 | D:9      | Noticed Erolcha
  8613 | D:9      | Noticed abixa's ghost (experienced MiGl)
  9150 | D:9      | Found Campotof's Armour Shop.
  9218 | D:9      | Killed abixa's ghost
  9240 | D:9      | Got a clouded ivory amulet
  9242 | D:9      | Identified the amulet "Ucueq" {Spirit +Inv} (You took it off an orc warrior on level 9 of the Dungeon)
  9407 | D:9      | Killed Erolcha
  9407 | D:9      | Acquired the Shining One's second power
  9570 | D:9      | Found a staircase to the Orcish Mines.
  9734 | D:9      | Found a shimmering altar of Xom.
  9921 | D:9      | Acquired the Shining One's third power
 10029 | D:10     | Entered Level 10 of the Dungeon
 10113 | D:10     | Found a staircase to the Lair.
 10338 | D:10     | Reached skill level 11 in Maces & Flails
 10340 | D:10     | Noticed an unseen horror
 10364 | D:10     | Killed an unseen horror
 10364 | D:10     | Reached XP level 12. HP: 75/77 MP: 18/18
 10391 | D:10     | Got a smelly plate armour
 10402 | D:10     | Identified the +12 plate armour of Infinity {rF+++ rC+++ Str-2} (You found it on level 10 of the Dungeon)
 11028 | Lair:1   | Entered Level 1 of the Lair of Beasts
 11163 | Lair:1   | Reached skill level 10 in Fighting
 11333 | Lair:1   | Reached skill level 10 in Shields
 12185 | Lair:2   | Identified a scroll of acquirement
 12663 | Lair:3   | Noticed an eight-headed hydra
 12786 | Lair:3   | Killed an eight-headed hydra
 12806 | Lair:3   | Reached skill level 10 in Armour
 14065 | Lair:4   | Noticed a five-headed hydra
 14073 | Lair:4   | Killed a five-headed hydra
 14073 | Lair:4   | Reached XP level 13. HP: 76/83 MP: 20/20
 14475 | Lair:5   | Found a staircase to the Swamp.
 14740 | Lair:5   | Found a hole to the Spider Nest.
 14755 | Lair:5   | Reached skill level 10 in Invocations
 15041 | Lair:6   | Found a staircase to the Slime Pits.
 15162 | Lair:6   | Acquired the Shining One's fourth power
 15604 | Lair:6   | Reached skill level 12 in Maces & Flails
 16536 | Lair:8   | Entered Level 8 of the Lair of Beasts
 16621 | Lair:7   | Gained mutation: Your large and strong wings let you fly indefinitely. [Gargoyle growth]
 16621 | Lair:7   | Reached XP level 14. HP: 71/91 MP: 22/22
 17639 | Lair:8   | Noticed Kirke
 17669 | Lair:8   | HP: 3/92 [hog[Kirke] (14)]
 17670 | Lair:8   | Slain by a harpy

Vault maps used:
D:1:      dpeg_arrival_simpleton_a
D:3:      vehumet_crystals, first_bread, uniq_crazy_yiuf_cottage
D:4:      lemuel_castle_with_subvaults, bloody_trog, serial_shops,
          nicolae_shop_trees, supply_closet_lemuel
D:5:      kennysheep_big_empty_room
D:6:      lemuel_crystal_altar
D:7:      lemuel_coloured_pillars_altar, nicolae_ru_path_of_blood,
          minmay_temple_entry_fiery
D:8:      gammafunk_temple_overflow_elements, special_room, serial_shops,
          shop_coins, shop, shop, shop, nicolae_shop_behind_doors,
          hangedman_little_slice_of_home, xom_confusion_cloud
D:9:      zombieorc1_lemuel, serial_shops, shop, basic_altar,
          minmay_item_behind_shaft, uniq_erolcha
D:10:     lair_0_dummy
Temple:   eino_temple_water_12
Lair:1:   lemuel_fruit_tree, serial_bayou_shore_b, grunt_megastairs_5,
          serial_bayou_shore_b, serial_bayou_shore_a
Lair:2:   statuecave_lemuel, grunt_forest_small_clearings
Lair:3:   serial_bayou, serial_bayou_pond_c, serial_bayou_lagoon_b,
          serial_bayou_pond_b, serial_bayou_lagoon_a, serial_bayou_ford_a,
          serial_bayou_lake_a, grunt_megastairs_3
Lair:5:   minmay_swamp_entry_swarm, spider_nest_entry_funnel_web,
          grunt_megastairs_4, infiniplex_staircase_pool
Lair:6:   minmay_slime_entry_pillars, infiniplex_staircase_pool_2,
          serial_bayou_shore_b, grunt_megastairs_2
Lair:8:   minmay_lair_end_frog_pond, grunt_forest_small_clearing_treed,
          uniq_kirke

Action                   |  1- 3 |  4- 6 |  7- 9 | 10-12 | 13-15 || total
-------------------------+-------+-------+-------+-------+-------++-------
Melee: Flail             |   137 |   336 |   400 |  1252 |  1085 ||  3210
 Abil: Fly               |       |       |       |       |     1 ||     1
Evoke: Wand              |       |       |       |       |     2 ||     2
  Use: Potion            |       |       |     2 |       |     1 ||     3
       Scroll            |       |       |     1 |    31 |       ||    32
  Eat: Chunk             |       |     8 |     7 |    31 |    16 ||    62
       Pizza             |       |       |       |     1 |       ||     1
